Map: Tours du crépuscule

Players

pupu - Winner!

  • Race: Protoss Protoss
  • League: Silver

GreenApple

  • Race: Terran Terran
  • League: Silver

VOD

Have the link to the VOD?

Description

Time

  • Played on: April 5, 2016, 11:49 a.m.
  • Length: 17:42
Show
View Real Time Build Order
Export as new Build Order

pupu Protoss - Winner!

Build Orders: 1 Gate Expand 

Get SALT Encoding   

  12  0:00  Probe (Chrono Boost)  
  13  0:12  Probe (Chrono Boost)  
  14  0:21  Pylon  
  14  0:22  Probe (Chrono Boost)  
  15  0:39  Probe (Chrono Boost), Gateway  
  17  0:50  Probe (Chrono Boost)  
  17  1:00  Probe (Chrono Boost)  
  17  1:01  Assimilator  
  18  1:15  Probe (Chrono Boost)  
  19  1:25  Probe (Chrono Boost)  
  20  1:33  Nexus  
  20  1:36  Probe (Chrono Boost)  
  21  1:44  Cybernetics Core  
  21  1:49  Probe (Chrono Boost), Assimilator  
  22  2:00  Probe (Chrono Boost)  
  23  2:02  Pylon  
  23  2:12  Gateway  
  23  2:20  Probe (Chrono Boost), Warp Gate (Chrono Boost)  
  26  2:22  Adept  
  26  2:32  Probe  
  26  2:34  Pylon  
  27  2:44  Probe  
  28  2:47  Robotics Facility  
  28  2:51  Mothership Core  
  28  2:57  Probe  
  31  3:08  Adept  
  31  3:09  Probe  
  31  3:12  Adept  
  36  3:13  Probe  
  37  3:21  Probe  
  37  3:23  Probe  
  39  3:29  Gateway  
  39  3:36  Pylon  
  39  3:42  Gateway  
  39  3:45  Pylon  
  39  3:46  Probe  
  40  3:55  Probe  
  40  3:58  Probe  
  40  4:00  Immortal  
  46  4:06  Probe  
  47  4:10  Probe, Pylon  
  48  4:38  Adept x2  
  48  4:40  Immortal  
  56  4:50  Probe  
  56  4:52  Probe  
  58  5:07  Sentry  
  58  5:08  Sentry x3  
  58  5:10  Probe  
  58  5:11  Probe  
  68  5:23  Probe  
  68  5:24  Twilight Council  
  68  5:26  Gateway  
  68  5:28  Gateway  
  69  5:30  Gateway  
  69  5:32  Gateway  
  69  5:33  Probe  
  69  5:34  Gateway  
  70  5:35  Probe  
  70  5:36  Pylon  
  70  5:38  Pylon  
  71  5:42  Assimilator  
  71  5:43  Forge x2  
  71  5:46  Assimilator  
  71  5:48  Pylon  
  71  5:51  Immortal  
  75  6:00  Resonating Glaives (Chrono Boost)  
  75  6:09  Adept x2  
  79  6:11  Adept  
  81  6:20  Probe  
  81  6:22  Probe  
  69  6:51  Immortal  
  73  6:54  Adept x3  
  73  6:55  Adept x3  
  85  7:17  Protoss Ground Weapons Level 1 (Chrono Boost)  
  85  7:18  Protoss Ground Armor Level 1 (Chrono Boost)  
  85  7:20  Pylon  
  85  7:21  Pylon  
  85  7:23  Pylon  
  85  7:25  Probe x2  
  85  7:26  Pylon  
  85  7:27  Nexus  
  85  7:29  Charge  
  87  7:40  Gateway  
  87  7:42  Gateway  
  87  7:44  Gateway  
  87  7:47  Immortal  
  87  7:48  Gateway  
  91  7:51  Adept  
  91  7:54  Sentry x2  
  91  7:56  Sentry  
  99  8:09  Photon Cannon  
  99  8:11  Photon Cannon  
  99  8:16  Probe  
  99  8:18  Probe, Photon Cannon  
  101  8:23  Adept  
  103  8:36  Probe x2  
  105  8:47  Assimilator  
  105  8:50  Adept x5  
  105  8:53  Adept  
  105  8:55  Sentry  
  119  8:56  Sentry  
  121  9:14  Probe  
  121  9:16  Probe x2  
  124  9:19  Assimilator  
  124  9:23  Pylon  
  124  9:25  Pylon  
  124  9:27  Stalker, Pylon  
  124  9:28  Stalker x3  
  124  9:30  Pylon  
  112  10:09  Zealot x2  
  112  10:10  Zealot x6  
  112  10:11  Zealot x5  
  108  10:30  Zealot x4  
  108  10:31  Zealot x6  
  108  10:32  Zealot  
  130  10:50  Protoss Shields Level 1 (Chrono Boost), Immortal  
  130  10:54  Pylon  
  134  11:00  Zealot x4  
  134  11:03  Sentry  
  144  11:04  Sentry x2  
  144  11:05  Sentry x2  
  144  11:07  Sentry  
  154  11:13  Gateway  
  154  11:35  Zealot x6  
  154  11:36  Zealot x4  
  174  11:50  Zealot  
  158  12:36  Stargate  
  156  12:43  Pylon x2  
  156  12:45  Pylon  
  156  12:47  Pylon  
  39  14:30  Nexus  
  31  14:55  Cybernetics Core  
  31  14:56  Pylon  
  31  14:57  Pylon  
  31  15:00  Pylon  
  31  15:02  Pylon  
  31  15:07  Pylon  
  31  15:24  Pylon  
  31  15:29  Assimilator  
  31  15:50  Stalker  
  31  15:51  Probe  
  34  16:09  Probe  
  35  16:19  Stargate  
  35  16:20  Probe  
  36  16:44  Probe  
  37  16:55  Probe  
Show
View Real Time Build Order
Export as new Build Order

GreenApple Terran 

Build Orders: MMM Bio 

Get SALT Encoding   

  12  0:00  SCV  
  13  0:13  SCV  
  14  0:25  SCV  
  15  0:29  Supply Depot  
  15  0:50  SCV  
  15  0:52  Barracks  
  15  0:56  Refinery  
  16  0:57  Barracks  
  16  1:06  SCV  
  17  1:18  SCV  
  18  1:31  SCV  
  19  1:41  Supply Depot  
  19  1:51  Command Center  
  19  1:59  Orbital Command  
  19  2:05  Marine  
  20  2:08  Barracks Tech Lab  
  20  2:24  Barracks Reactor  
  20  2:28  Stimpack  
  20  2:30  SCV  
  21  2:39  Marauder  
  23  2:49  Barracks  
  23  2:56  Supply Depot  
  23  3:00  Marauder, Marine  
  23  3:01  Marine  
  27  3:10  Orbital Command  
  27  3:21  Marine x2  
  29  3:30  SCV  
  29  3:32  Marauder  
  32  3:39  Factory  
  32  3:43  Barracks Tech Lab  
  32  3:50  Marine x2  
  32  3:51  SCV  
  32  3:54  SCV  
  36  4:05  Marauder  
  36  4:07  Marauder  
  40  4:11  SCV  
  40  4:12  SCV  
  42  4:23  Factory Tech Lab  
  42  4:26  Engineering Bay  
  42  4:30  SCV  
  43  4:35  Marauder  
  43  4:38  SCV  
  46  4:52  Supply Depot  
  46  4:54  Starport  
  46  4:58  Marine  
  46  4:59  Marine x2  
  49  5:02  SCV x2  
  51  5:08  Supply Depot  
  51  5:13  Marauder  
  53  5:16  Marine x2  
  55  5:26  Refinery  
  55  5:27  SCV x2  
  57  5:36  Marine x2  
  57  5:37  Marauder x2  
  63  5:53  Marine  
  63  5:56  Medivac  
  66  5:57  Marine x2  
  66  5:58  Marine  
  66  6:03  SCV  
  70  6:17  Supply Depot  
  70  6:21  Command Center  
  70  6:25  SCV  
  65  6:34  Marine x2  
  65  6:35  Marauder x2  
  55  6:48  Starport Reactor  
  55  7:02  Bunker  
  55  7:04  Barracks  
  55  7:06  Barracks  
  55  7:07  Supply Depot  
  55  7:09  Marine x2  
  55  7:10  Marauder  
  55  7:14  Terran Infantry Weapons Level 1  
  59  7:23  Marauder  
  59  7:27  SCV x2  
  63  7:30  Combat Shields  
  63  7:31  Supply Depot  
  63  7:32  Marauder  
  63  7:36  Orbital Command  
  65  7:41  Siege Tank  
  68  7:52  Barracks Tech Lab  
  68  7:54  Marine x2, Barracks Reactor  
  68  7:55  Supply Depot, Marauder, Marine  
  73  8:04  Orbital Command  
  73  8:12  Marine x2  
  73  8:13  Marauder  
  73  8:15  Marine x2  
  73  8:17  Supply Depot  
  79  8:30  Marine x2, SCV x2  
  79  8:33  Marauder  
  87  8:34  Marauder x2  
  87  8:35  Engineering Bay  
  89  8:43  Armory  
  89  8:53  Marine x2  
  89  8:54  Marauder, Marine x2  
  97  8:55  Marauder  
  97  8:56  Marauder, Medivac  
  97  8:58  SCV x2  
  103  9:11  Marine  
  104  9:19  Marauder, Marine x3  
  104  9:20  Supply Depot  
  104  9:23  Terran Infantry Armor Level 1  
  109  9:28  SCV  
  109  9:29  SCV  
  111  9:32  Supply Depot  
  111  9:36  Supply Depot  
  111  9:37  Refinery  
  111  9:38  Supply Depot  
  111  9:40  Concussive Shells, Marauder  
  111  9:41  Refinery  
  111  9:42  Marine  
  114  9:52  Marine x2  
  114  9:53  Marine x3  
  119  10:02  Marine x2  
  97  10:10  Marine  
  97  10:11  Marauder x2  
  101  10:22  Siege Tank  
  101  10:23  Marine x3  
  101  10:24  Marauder  
  101  10:25  SCV x2  
  111  10:32  Marauder  
  113  10:43  Marine  
  113  10:44  Marine x4  
  113  10:45  Marine  
  113  10:46  Medivac  
  121  10:53  Marine  
  122  11:04  Marine x2  
  122  11:05  Marauder x2, Marine x2  
  122  11:08  Medivac  
  132  11:12  Bunker  
  132  11:14  Marauder  
  134  11:22  Marine  
  134  11:23  Marine  
  134  11:24  Marine  
  137  11:26  Marauder x2  
  137  11:29  Marine  
  142  11:36  Marauder  
  144  11:40  Marine  
  144  11:41  Marine  
  145  11:50  Marine x3  
  145  11:51  Marauder  
  148  11:54  Medivac x2  
  148  11:57  Marauder  
  107  12:42  Orbital Command  
  12  14:35  SCV  
  13  14:48  SCV  
  13  14:51  Supply Depot  
  12  15:12  SCV  
  13  15:16  Barracks  
  13  15:18  Barracks  
  13  15:25  SCV  
  14  15:31  Barracks  
  14  15:37  SCV  
  15  15:49  SCV  
  16  15:50  Barracks  
  16  15:54  Barracks  
  16  16:05  Supply Depot  
  16  16:08  Barracks Reactor  
  16  16:11  SCV  
  16  16:12  Supply Depot  
  16  16:16  Barracks Reactor  
  16  16:17  Barracks  
  17  16:20  Barracks Reactor  
  17  16:23  Supply Depot  
  17  16:28  Supply Depot  
  17  16:37  Supply Depot  
  17  16:40  Barracks, SCV  
  17  16:42  Barracks Reactor x2  
  17  16:45  Marine x2  
  20  16:51  Supply Depot  
  20  16:53  Marine x2  
  22  16:57  Marine x2  
  24  17:01  Supply Depot  
  24  17:02  Marine  
  24  17:03  Marine  
  24  17:07  Marine  
  27  17:11  Marine x2  
  27  17:14  Marine  
  27  17:15  Marine  
  28  17:21  Marine x2  
  28  17:22  Marine x2  
Tags
 
Add a new tag
Caveats
  • Supply blocks, unpowered buildings, or Contaminate may cause inaccurate times.
  • Supply counts are checked every 10 seconds.